AoeStats
← Dr Greencrack

Arena

509753439Analyzed
2v2 RM · 6d ago on Sep 27, 2026· 36m 37s· 4 players
Game mode
Random Map
Map size
Medium (4 player)
Population
200
Speed
Normal
Resources
Standard
Victory
Conquest
Starting age
Dark Age
Ending age
Imperial Age
RankedLock teamsTeams togetherTeam positionsShared explorationLock speedFull tech treeHidden civsTurbo modeCheats
Victory
Defeat
🇨🇦 Japanese · Canada
1106
+12
🇮🇳 Goths · India
1084
+13
🇨🇦 Teutons · Canada
1028
-13
🇨🇦 Ethiopians · Canada
1016
-12
Addicted8763
11:51 Feudal Age
15:42 Castle Age
13:55 Double-Bit Axe
14:09 Horse Collar
15:12 Gold Mining
15:11 Loom
24:27 Forging
24:21 Scale Mail Armor
31:06 Wheelbarrow
32:03 Chain Mail Armor
31:59 Forging
32:03 Bow Saw
32:34 Gold Shaft Mining
34:17 Hand Cart
35:40 Iron Casting
saratchandra9494
11:25 Feudal Age
11:55 Double-Bit Axe
12:18 Horse Collar
13:20 Wheelbarrow
16:51 Castle Age
15:54 Stone Mining
16:21 Gold Mining
18:07 Bow Saw
18:37 Stone Shaft Mining
18:19 Loom
20:56 Heavy Plow
21:22 Town Watch
22:40 Squires
26:37 Scale Mail Armor
26:48 Forging
26:25 Pikeman
29:16 Anarchy
29:43 Chain Mail Armor
29:11 Man-at-Arms
33:26 Hand Cart
34:02 Long Swordsman
36:13 Iron Casting
35:29 Fletching
Iceman
5:51 Loom
11:02 Feudal Age
15:31 Castle Age
15:38 Crossbowman
19:18 Fletching
23:41 Elite Skirmisher
25:27 Double-Bit Axe
27:38 Bodkin Arrow
27:44 Padded Archer Armor
30:40 Leather Archer Armor
33:09 Wheelbarrow
32:20 Town Watch
33:42 Bow Saw
Dr Greencrack
8:59 Loom
11:14 Feudal Age
14:07 Wheelbarrow
13:44 Double-Bit Axe
17:05 Castle Age
16:49 Scale Barding Armor
16:55 Forging
22:28 Fletching
23:03 Bloodlines
26:38 Bodkin Arrow
Connection lost

Rejoining the realm…

Still unreachable

The connection could not be restored.

Session expired

The server has moved on; the page needs a fresh start.